 Dungeon Crawl Stone Soup version 0.25.0-46-gbd7b0854d2 (webtiles) character file.

Game seed: 4116325710306671485

138 Delamore the Skirmisher (level 5, 0/35 HPs)
             Began as a Gargoyle Fighter on July 12, 2020.
             Slain by an orc (1 damage)
             ... on level 3 of the Dungeon.
             The game lasted 00:01:22 (2319 turns).

Delamore the Skirmisher (Gargoyle Fighter)          Turns: 2319, Time: 00:01:23

Health: 0/35       AC: 13    Str: 21    XL:     5   Next: 21%
Magic:  5/5        EV:  5    Int:  8    God:
Gold:   130        SH:  9    Dex:  9    Spells: 4/4 levels left

rFire    . . .     SeeInvis .   a - +0 flail
rCold    . . .     Gourm    .   c - +0 kite shield
rNeg     + . .     Faith    .   n - +0 chain mail
rPois    ∞         Spirit   .   (no helmet)
rElec    +         Reflect  .   (no cloak)
rCorr    .         Harm     .   (no gloves)
MR       .....                  (no boots)
Stlth    ..........             (no amulet)
HPRegen  0.11/turn              (no ring)
MPRegen  0.09/turn              (no ring)

@: no status effects
A: negative energy resistance 1, electricity resistance, unbreathing,
petrification resistance, rot immunity, AC +4
a: no special abilities


You were on level 3 of the Dungeon.
You were near starving.

You visited 1 branch of the dungeon, and saw 3 of its levels.

You collected 130 gold pieces.

Inventory:

Hand Weapons
 a - a +0 flail (weapon)
Armour
 b - a +0 scale mail
 c - a +0 kite shield (worn)
 n - a +0 chain mail (worn)
Scrolls
 e - 2 scrolls of teleportation {unknown}
 i - a scroll of fear {unknown}
 j - 6 scrolls of identify {unknown}
 k - a scroll of remove curse {unknown}
 l - a scroll of fog {unknown}
 m - a scroll of enchant weapon {unknown}
Potions
 d - a potion of might
 g - a potion of invisibility {unknown}
 o - a potion of cancellation {unknown}
 p - a potion of magic {unknown}
 q - a potion of lignification {unknown}
Comestibles
 f - 5 rations


   Skills:
 + Level 5.0 Fighting
 + Level 3.9 Maces & Flails
 - Level 3.2 Armour
 - Level 3.2 Shields


You had 4 spell levels left.
You didn't know any spells.
Your spell library was empty.

Dungeon Overview and Level Annotations

Branches:
Dungeon (3/15)

Altars:


Innate Abilities, Weirdness & Mutations

You are resistant to torment.
Your stone body is resilient. (AC +4)
You are immune to poison.
You resist negative energy. (rN+)
You are resistant to electric shocks. (rElec)
You can survive without breathing.
You are immune to petrification.
You are immune to rotting.


Message History

You block the frilled lizard's attack. The orc hits you.
You closely miss the orc priest.
The orc priest invokes the aid of Beogh against you.
Beogh smites you!
* * * LOW HITPOINT WARNING * * *
The frilled lizard bites you but does no damage.
The orc hits you but does no damage.
You closely miss the orc priest. The orc priest barely misses you.
The frilled lizard bites you but does no damage.
The orc barely misses you. You block the orc priest's attack.
The frilled lizard bites you but does no damage.
You hit the orc priest.
The orc priest is lightly wounded.
The orc hits you.
* * * LOW HITPOINT WARNING * * *
The orc priest calls down the wrath of Beogh upon you.
Pain shoots through your body!
* * * LOW HITPOINT WARNING * * *
You block the frilled lizard's attack. The orc hits you.
You die...

)...#>.# ##.# #..
....##.### #..## #.# #
.....#...###...# #.# ..
##.#.###.##[.#.###.# .#
#.#..##.##..#...#.# ..
#.##.##)....###.#.##.#
#.##>.......#....)...# #
#.##..####..#.#o#)###..#
#. #..#.....#.#@o.....#
.......##.††).l.#####
..###....##.......# ##.
.##....#...#..# #
.##..###...##...# .##..
..........# ...#
#......###.. ..##
..##.### .. .... ... r..


You could see an orc priest, an orc and a frilled lizard.

Vanquished Creatures
  An orc priest (D:3)
  5 adders
  2 oozes
  3 worms (D:2)
  A leopard gecko (D:1)
  3 orcs (D:3)
  3 giant cockroaches
  3 goblins
  5 hobgoblins
  4 jackals (D:3)
  A ball python (D:1)
  5 bats
  3 kobolds (D:3)
  8 rats
47 creatures vanquished.

Notes
Turn   | Place    | Note
-------+----------+-------------------------------------------
     0 | D:1      | Delamore the Gargoyle Fighter began the quest for the Orb.
     0 | D:1      | Reached XP level 1. HP: 14/14 MP: 1/1
   246 | D:1      | Reached XP level 2. HP: 13/20 MP: 2/2
   535 | D:1      | You fall into a shaft and drop 1 floor!
  1144 | D:2      | Reached XP level 3. HP: 24/24 MP: 3/3
  1252 | D:2      | Reached skill level 4 in Fighting
  1618 | D:2      | Reached XP level 4. HP: 26/30 MP: 4/4
  2171 | D:3      | Reached XP level 5. HP: 33/34 MP: 5/5
  2222 | D:3      | Reached skill level 5 in Fighting
  2319 | D:3      | HP: 1/35 [orc priest/nerve-wracking pain (4)]
  2319 | D:3      | Slain by an orc

Illustrated notes

Levels and vault maps discovered:
D:1:      eino_arrival_water_cross, layout_loops_ring, hex_large,
          due_unseen_surprise
D:2:      layout_basic, first_ration
D:3:      layout_rooms

Skill      XL: |  1  2  3  4  5 |
---------------+----------------+-----
Fighting       | 4 5 |  5.0
Maces & Flails | 3 |  3.9
Armour         | |  3.2
Shields        | |  3.2

Action                   |  1- 3 |  4- 6 || total
-------------------------+-------+-------++-------
Melee: Flail             |   114 |   129 ||   243
  Eat: Chunk             |     2 |     1 ||     3
Armor: Scale mail        |    36 |       ||    36
       Chain mail        |    16 |   180 ||   196
Dodge: Dodged            |    46 |    56 ||   102
Block: Kite shield       |    59 |   120 ||   179
